 Dungeon Crawl Stone Soup version 0.30-a0-422-g946f4849ff (webtiles) character file.

Game seed: 16995772638265404577

235 McMuffin the Magician (level 5, -2/39 HPs)
             Began as a Demigod Wanderer on Dec 8, 2022.
             Killed by divine providence
             ... invoked by an orc priest
              (10 damage)
             ... on level 4 of the Dungeon.
             The game lasted 00:17:27 (2119 turns).

McMuffin the Magician (Demigod Wanderer)            Turns: 2119, Time: 00:17:27

Health: -2/39      AC:  8    Str: 18    XL:     5   Next: 47%
Magic:  20/24      EV: 11    Int: 16    God:
Gold:   72         SH:  5    Dex: 10    Spells: 13/14 levels left

rFire   . . .      SeeInvis .    l - +3 short sword
rCold   . . .      Faith    .    (no shield)
rNeg    . . .      Spirit   .    m - +0 leather armour
rPois   .          Reflect  +    (no helmet)
rElec   .          Harm     .    (no cloak)
rCorr   .          Rampage  .    (no gloves)
Will    .....                    n - +0 pair of boots
Stlth   +.........               k - amulet of reflection
HPRegen 0.26/turn                f - +4 ring of protection
MPRegen 0.19/turn                r - ring of magical power

@: no status effects
A: high MP 1, forlorn, divine attributes
a: no special abilities


You were on level 4 of the Dungeon.
You visited 1 branch of the dungeon, and saw 4 of its levels.

You collected 72 gold pieces.

Inventory:

Hand Weapons
 a - a +0 mace
 l - a +3 short sword (weapon)
Missiles
 t - 4 curare-tipped darts
 v - 2 boomerangs
Armour
 d - a +0 robe
 m - a +0 leather armour (worn)
 n - a +0 pair of boots (worn)
Jewellery
 f - a +4 ring of protection (left hand)
 k - an amulet of reflection (around neck)
 r - a ring of magical power (right hand)
Wands
 b - a wand of flame (4)
Scrolls
 c - a scroll of teleportation
 e - 5 scrolls of identify {unknown}
 h - a scroll of immolation {unknown}
 j - 3 scrolls of magic mapping {unknown}
 p - 2 scrolls of fear {unknown}
 q - a scroll of acquirement {unknown}
Potions
 g - 3 potions of curing {unknown}
 i - a potion of heal wounds {unknown}
 o - a potion of haste {unknown}
 s - 2 potions of ambrosia {unknown}
 u - a potion of magic {unknown}
 w - a potion of mutation {unknown}


   Skills:
 + Level 0.7 Fighting
 + Level 1.3 Short Blades
 + Level 2.1 Maces & Flails
 + Level 1.3 Armour
 + Level 1.3 Dodging
 + Level 0.1 Stealth
 + Level 1.0 Shields
 + Level 5.1 Spellcasting
 + Level 1.1 Transmutations
 + Level 1.6 Poison Magic
 + Level 2.0 Evocations


You had 13 spell levels left.
You knew the following spells:

 Your Spells              Type           Power      Damage    Failure   Level
a - Sting                 Tmut/Pois      32%        1d4       11%         1

Your spell library contained the following spells:

 Spells                   Type           Power      Damage    Failure   Level
 Freeze                   Ice            16%        1d4       19%         1
 Static Discharge         Conj/Air       8%         2-3/arc   26%         2
 Mephitic Cloud           Conj/Pois/Air  5%         N/A       41%         3
 Gell's Gravitas          Tloc           4%         N/A       47%         3
 Lesser Beckoning         Tloc           8%         N/A       47%         3
 Portal Projectile        Hex/Tloc       8%         N/A       47%         3
 Teleport Other           Tloc           4%         N/A       47%         3
 Tukima's Dance           Hex            4%         N/A       47%         3
 Blade Hands              Tmut           3%         N/A       97%         5


Dungeon Overview and Level Annotations

Branches:
Dungeon (4/15)
 Temple: D:4-7

Shops:
D:3 [


Innate Abilities, Weirdness & Mutations

You have an increased reservoir of magic. (+10% MP)
You shall have no god before yourself.
Your divine heritage dramatically boosts your attributes as you level up.


Message History

You closely miss the goblin.
The goblin is moderately wounded.
The goblin hits you but does no damage.
The orc priest hits you but does no damage.
You barely miss the goblin.
The goblin is moderately wounded.
The goblin closely misses you.
The orc priest hits you but does no damage.
The orc priest casts a cantrip, but nothing happens.
The hobgoblin hits you but does no damage.
You closely miss the goblin.
The goblin is moderately wounded.
The goblin hits you with a +0 dagger. The orc priest closely misses you.
You block the orc priest's attack.
The orc priest calls down the wrath of Beogh upon you.
Beogh smites you!
* * * LOW HITPOINT WARNING * * *
The hobgoblin barely misses you. The ball python closely misses you.
The ball python grabs you. The ball python constricts you.
The hobgoblin hits you but does no damage.
You see here a hound corpse.
You escape the ball python's grasp.
The orc priest attacks as you move away!
The orc priest misses you.
The orc priest casts a cantrip, but nothing happens.
The ball python misses you. You block the ball python's attack.
Your magical contamination has completely faded away.
The orc priest attacks as you move away!
The orc priest hits you with a +0 flail.
* * * LOW HITPOINT WARNING * * *
The ball python attacks as you move away!
The ball python closely misses you. The ball python misses you.
The goblin attacks as you move away! The goblin hits you but does no damage.
The kobold attacks as you move away! The kobold misses you.
The goblin attacks as you move away! The goblin closely misses you.
The kobold attacks as you move away! The kobold closely misses you.
The orc priest calls down the wrath of Beogh upon you.
Beogh smites you!
You die...

####### ### #..#..##
####.###......
#####.##..#.....#
##..#..........>@##
..........#....gK.#
.......#..##..o..###
#...............og.##
##..<...##......oS..#
##.....##...##)....#
#.....##.....†>......#
#..........)...#.##....#
.....##..#...#....#
....#


You could see 3 orc priests, a hobgoblin, a goblin, a ball python and a kobold.

Vanquished Creatures
  An orc priest (D:3)
  2 hounds (D:4)
  An orc wizard (D:3)
  3 adders
  A worm (D:3)
  2 dart slugs (D:2)
  7 orcs
  6 ball pythons
  6 bats
  4 endoplasms
  3 giant cockroaches
  8 goblins
  7 hobgoblins
  2 jackals (D:4)
  9 kobolds
  7 quokkas
  2 frilled lizards
  5 rats
76 creatures vanquished.

Notes
Turn   | Place    | Note
-------+----------+-------------------------------------------
     0 | D:1      | McMuffin the Demigod Wanderer began the quest for the Orb.
     0 | D:1      | McMuffin set off with the following items: a +0 mace, a
                  | wand of flame (7), a scroll of teleportation, a +0 robe;
                  | and the following spells available to memorise: Freeze,
                  | Sting, Static Discharge, Mephitic Cloud.
     0 | D:1      | Reached XP level 1. HP: 14/14 MP: 8/8
     2 | D:1      | Learned a level 1 spell: Sting
    96 | D:1      | Reached XP level 2. HP: 18/20 MP: 10/10
   736 | D:2      | Reached XP level 3. HP: 25/26 MP: 10/12
   758 | D:2      | Reached skill level 5 in Spellcasting
  1299 | D:3      | Reached XP level 4. HP: 31/34 MP: 11/14
  1311 | D:3      | Reached skill level 1 in Poison Magic
  1322 | D:3      | Reached skill level 1 in Armour
  1644 | D:3      | Reached skill level 1 in Dodging
  1683 | D:3      | Reached XP level 5. HP: 35/39 MP: 15/15
  1988 | D:3      | Found Byol's Armour Emporium.
  2074 | D:4      | Reached skill level 1 in Short Blades
  2074 | D:4      | Reached skill level 1 in Transmutations
  2111 | D:4      | Reached skill level 1 in Shields
  2119 | D:4      | Killed from afar by an orc priest

Illustrated notes

Levels and vault maps discovered:
D:1:      ebering_trefoil_3fold, layout_basic
D:2:      layout_loops_corners, basic_altar, chequers_serial_rivers_micro_b,
          kennysheep_potato
D:3:      layout_basic, overflow_temple_1_default,
          mainiacjoe_overflow_concentric_impassable, zin_statuary, serial_shops,
          shop_statue, minivault_19, minmay_randomly_rotated_circles, uniq_robin
D:4:      layout_cave_pools, worldfamousw_hep_ancestral_shrine,
          lemuel_tele_altar, minmay_temple_entry_grid, uniq_ijyb

Skill      XL: |  1  2  3  4  5 |
---------------+----------------+-----
Evocations     | 2 |  2.0
Maces & Flails | 2 |  2.1
Spellcasting   | 5 |  5.1
Poison Magic   | 1 |  1.6
Armour         | 1 |  1.3
Dodging        | 1 |  1.3
Short Blades   | 1 |  1.3
Transmutations | 1 |  1.1
Shields        | 1 |  1.0
Fighting       | |  0.7
Stealth        | |  0.1

Action                   |  1- 3 |  4- 6 || total
-------------------------+-------+-------++-------
Melee: Mace              |    25 |       ||    25
       Short sword       |    63 |    98 ||   161
 Cast: Sting             |    16 |    24 ||    40
Evoke: Wand              |     3 |       ||     3
 Stab: Sleeping          |     1 |       ||     1
Armor: Robe              |    12 |       ||    12
       Leather armour    |    21 |    40 ||    61
Dodge: Dodged            |    48 |    65 ||   113
Block: Other             |    23 |    21 ||    44
       Reflection        |     2 |     2 ||     4

Table legend: (Time is in decaauts)
 A = Elapsed time spent in this place.
 B = Non-inter-level travel time spent in this place.
 C = Inter-level travel time spent in this place.
 D = Time resting spent in this place.
 E = Time spent auto-exploring this place.
 F = Levels seen in this place.
 G = Mean time per level.
                   A        B        C        D        E       F      G
               +--------+--------+--------+--------+--------+-----+--------+
         Total |   2123 |   2098 |     25 |      0 |      0 |   4 |  530.8 |
       Dungeon |   2123 |   2098 |     25 |      0 |      0 |   4 |  530.8 |
               +--------+--------+--------+--------+--------+-----+--------+

Top non-repeatable levels by time:
     D:3: 780 daAuts
     D:1: 654 daAuts
     D:2: 635 daAuts
     D:4: 53 daAuts
